Map: Dusty Gorge

Players

Tirahn

  • Race: Zerg Zerg
  • League: Platinum
  • Spawn Location: 9:00

mastermind

  • Race: Terran Terran
  • Spawn Location: 11:00

ILIEKEGGPIE

  • Race: Protoss Protoss
  • League: Gold
  • Spawn Location: 3:00

BizMac

  • Race: Zerg Zerg
  • Spawn Location: 5:00

VOD

Have the link to the VOD?

Description

Time

  • Played on: April 5, 2018, 12:50 p.m.
  • Length: 28:26
Show
View Real Time Build Order
Export as new Build Order

Tirahn Zerg 

Build Orders: Pool First 

Get SALT Encoding   

  12  0:02  Drone  
  13  0:12  Drone  
  14  0:27  Spawning Pool  
  13  0:31  Extractor  
  12  0:36  Drone  
  12  0:38  Drone  
  14  1:04  Overlord  
  14  1:21  Queen  
  16  1:28  Hatchery  
  16  1:32  Drone  
  16  1:34  Drone  
  17  1:57  Zergling x6  
  20  2:13  Drone  
  21  2:36  Metabolic Boost  
  21  2:38  Zergling x2  
  21  2:40  Overlord  
  22  2:44  Queen  
  22  2:48  Zergling x8  
  28  3:06  Zergling x6  
  31  3:22  Zergling x8  
  35  3:31  Evolution Chamber  
  34  3:46  Roach Warren  
  34  3:47  Drone x2  
  34  3:48  Drone  
  26  4:34  Drone x3  
  26  4:35  Drone x3  
  27  4:53  Lair  
  27  4:55  Drone x3  
  30  5:13  Drone x5, Extractor  
  34  5:18  Hatchery  
  33  5:22  Overlord  
  33  5:25  Overlord  
  33  5:28  Drone  
  34  5:30  Drone  
  35  5:52  Roach x4  
  35  5:53  Roach x3  
  35  5:56  Glial Reconstitution  
  49  6:07  Spine Crawler  
  49  6:08  Spine Crawler  
  47  6:13  Spine Crawler  
  31  6:32  Drone x4  
  35  6:33  Drone x2  
  37  7:02  Drone  
  37  7:03  Drone x3  
  37  7:04  Drone x4  
  45  7:17  Drone x4  
  45  7:18  Drone  
  50  7:39  Roach x4  
  50  7:42  Overlord  
  50  7:43  Overlord  
  55  7:55  Zerg Missile Weapons Level 1  
  55  8:00  Evolution Chamber  
  54  8:09  Drone  
  55  8:18  Roach x4  
  63  8:27  Hatchery  
  62  8:40  Extractor  
  61  8:41  Extractor  
  61  8:45  Queen  
  62  8:50  Overlord x2  
  62  8:51  Overlord  
  62  9:03  Nydus Network  
  61  9:21  Roach  
  61  9:22  Roach x3  
  61  9:23  Roach x2  
  73  9:28  Drone x3  
  76  9:37  Roach  
  76  9:38  Roach  
  80  10:00  Nydus Canal  
  80  10:20  Roach x2  
  80  10:21  Roach x3  
  90  10:27  Overlord x5  
  90  10:46  Drone  
  90  10:47  Drone x6  
  90  10:48  Drone x4  
  101  11:13  Pneumatized Carapace  
  101  11:19  Drone  
  101  11:20  Drone x7  
  101  11:21  Drone  
  63  11:56  Roach x5  
  63  11:57  Roach x6  
  81  12:07  Ravager  
  82  12:15  Drone, Spire  
  81  12:18  Extractor  
  81  12:20  Extractor  
  80  12:33  Zerg Ground Armor Level 1  
  80  12:51  Drone x2  
  82  13:08  Overlord x7  
  82  13:09  Overlord x6  
  82  13:36  Mutalisk x7  
  96  13:50  Mutalisk x3  
  96  13:53  Zerg Flyer Weapons Level 1  
  104  13:58  Tunneling Claws, Spire  
  82  14:12  Mutalisk x2  
  86  14:32  Mutalisk x2  
  90  14:40  Mutalisk x3  
  90  14:41  Mutalisk x3  
  102  15:08  Hydralisk Den  
  101  15:16  Roach  
  101  15:17  Roach x7  
  101  15:18  Roach x3  
  97  16:35  Roach x2  
  97  16:36  Roach x7  
  97  16:37  Roach  
  117  17:21  Corruptor  
  117  17:22  Corruptor x6  
  88  18:00  Roach  
  88  18:01  Roach x5  
  100  18:11  Infestation Pit  
  91  18:46  Hatchery  
  90  19:16  Hatchery  
  89  19:25  Extractor  
  89  19:26  Extractor  
  87  19:53  Hive  
  57  21:14  Greater Spire  
  57  21:16  Roach x2  
  57  21:17  Roach x7  
  57  21:18  Roach x3  
  83  21:33  Zerg Missile Weapons Level 2  
  83  21:48  Drone  
  83  21:49  Drone x6  
  67  22:42  Hatchery  
  66  22:51  Hatchery  
  66  22:52  Brood Lord x2  
  66  22:53  Brood Lord x5  
  79  23:06  Corruptor  
  81  23:35  Zerg Melee Weapons Level 1  
  81  23:38  Drone x3  
  81  23:39  Drone x2  
  86  23:44  Drone  
  87  24:14  Roach x3  
  89  24:37  Drone x4  
  89  24:38  Drone x7  
  97  24:39  Drone  
  81  25:17  Corruptor x5  
  91  26:09  Corruptor  
  91  26:10  Corruptor x7  
  91  26:11  Corruptor x3  
  113  26:29  Corruptor  
  115  26:33  Drone x3  
  114  26:55  Corruptor  
  114  26:56  Corruptor  
  84  27:19  Corruptor x2  
  88  27:35  Drone  
  88  27:36  Drone x5  
  94  27:42  Extractor  
  88  27:58  Zergling x4  
  88  27:59  Zergling x18  
Show
View Real Time Build Order
Export as new Build Order

mastermind Terran 

Build Orders: MMM Bio 

Get SALT Encoding   

  12  0:02  SCV  
  13  0:15  SCV  
  14  0:25  Supply Depot  
  14  0:27  SCV  
  15  0:31  Refinery  
  15  0:47  SCV  
  16  0:50  Barracks  
  16  1:03  Barracks  
  16  1:19  Barracks  
  16  1:24  Refinery  
  16  1:29  SCV  
  17  1:43  Reaper  
  18  1:50  Reaper  
  19  2:03  SCV  
  21  2:08  Reaper  
  21  2:09  Supply Depot  
  22  2:22  Reaper  
  22  2:24  Reaper  
  23  2:38  Engineering Bay  
  23  2:48  SCV  
  24  2:52  Reaper  
  25  3:41  Reaper  
  25  3:42  Orbital Command  
  25  3:44  Missile Turret  
  25  3:46  Barracks Reactor, Barracks Tech Lab  
  24  4:27  Reaper  
  24  5:16  Marine x4  
  27  5:34  Marine  
  28  5:39  Stimpack  
  28  5:40  SCV  
  29  5:45  Marine x2  
  29  5:46  Command Center  
  29  5:47  Factory  
  31  6:06  Supply Depot  
  31  6:27  Marine x4, SCV  
  36  6:37  Factory Reactor  
  36  6:39  SCV  
  37  6:40  Starport  
  37  6:45  Marine x2  
  39  6:53  SCV  
  39  6:56  Terran Infantry Weapons Level 1, Supply Depot  
  39  6:58  Marine x2  
  41  7:03  Marine x2  
  41  7:04  Supply Depot  
  41  7:05  SCV x2  
  45  7:17  SCV  
  46  7:24  Orbital Command  
  46  7:28  Medivac x2  
  46  7:29  SCV  
  51  7:40  Combat Shields  
  51  7:41  SCV  
  52  7:49  Marine x2  
  56  7:51  Hellion  
  56  8:01  Missile Turret  
  56  8:07  Medivac x2  
  56  8:08  Marine  
  56  8:09  Refinery  
  56  8:10  Marine  
  56  8:11  SCV  
  56  8:12  Sensor Tower  
  65  8:13  Hellion  
  65  8:16  Supply Depot  
  65  8:17  SCV  
  66  8:29  Marine x4  
  70  8:38  Hellion  
  70  8:39  SCV  
  73  8:47  Marine  
  74  8:51  SCV  
  75  9:03  SCV  
  68  9:36  Marine x4, Terran Infantry Armor Level 1  
  68  9:37  Medivac x2  
  74  9:53  Marine  
  70  10:16  Marine x4  
  69  10:31  Armory  
  69  10:32  Hellion  
  69  10:33  SCV  
  69  10:34  Barracks, Marine x4  
  69  10:35  Barracks  
  76  10:39  Supply Depot  
  76  10:40  Supply Depot  
  76  10:46  SCV  
  76  10:48  Engineering Bay  
  77  10:52  Marine  
  78  11:00  Marine x3, SCV  
  78  11:01  Hellion  
  78  11:03  Supply Depot  
  84  11:05  Supply Depot x2  
  84  11:13  Marine, SCV  
  84  11:18  Marine x3  
  86  11:22  Hellion  
  91  11:31  Marine  
  68  12:10  Marine x3  
  68  12:11  Marine x3  
  68  12:12  Medivac x2  
  78  12:27  Command Center  
  78  12:28  Marine x4  
  78  12:29  Refinery  
  66  12:39  Marine  
  66  12:40  Marine  
  68  12:46  Marine x3  
  71  12:52  Barracks Reactor  
  71  12:54  Terran Infantry Weapons Level 2  
  71  12:55  Terran Infantry Armor Level 2  
  71  13:00  Factory Tech Lab  
  71  13:12  Marine x3  
  73  13:13  Marine x2  
  76  13:30  Marine x5  
  81  13:38  Marine x2  
  81  13:41  Siege Tank  
  86  13:42  Orbital Command  
  86  13:48  Marine x3  
  88  13:49  Marauder  
  91  14:10  Marauder  
  91  14:13  Siege Tank  
  93  14:22  Viking x2  
  97  14:32  Marauder  
  99  14:45  Orbital Command, Siege Tank  
  102  14:52  Viking  
  104  14:57  Viking  
  106  15:22  Viking  
  108  15:38  Viking  
  108  15:39  Marine  
  108  15:40  Marine x4  
  108  15:41  Marauder, Marine  
  118  15:44  Siege Tank  
  121  15:57  Marine x2  
  121  15:58  Marine  
  121  16:02  Marauder  
  126  16:16  Siege Tank  
  129  16:23  Marauder  
  131  16:41  Viking  
  131  16:43  Marine x2  
  131  16:45  Viking  
  133  17:25  Marauder  
  133  17:27  Siege Tank  
  102  17:47  Marauder  
  102  17:50  Marine x5  
  102  17:51  Marine  
  103  17:59  Siege Tank  
  106  18:07  Marine  
  106  18:08  Marine x6  
  104  18:25  Marine x2  
  104  18:26  Marine x2  
  105  18:28  Marine  
  105  18:32  Siege Tank  
  109  18:48  Marine x3  
  109  18:49  Marine x4  
  109  18:50  SCV  
  117  19:02  SCV  
  118  19:04  Siege Tank  
  121  19:14  SCV  
  121  19:15  Marine  
  121  19:16  Marine x4  
  129  19:17  Marauder, Marine  
  129  19:19  Medivac  
  132  19:26  SCV  
  132  19:27  Terran Infantry Weapons Level 3  
  132  19:28  Terran Infantry Armor Level 3  
  132  19:29  Terran Vehicle Weapons Level 1  
  133  19:50  Supply Depot  
  133  20:11  Medivac, Marine x5, SCV  
  133  20:14  Supply Depot  
  141  20:20  Siege Tank  
  140  20:22  Marauder  
  117  20:43  Marauder  
  119  20:52  Siege Tank  
  122  21:00  Marine  
  122  21:01  Marine x3  
  123  21:08  Factory  
  123  21:09  Marine x2  
  125  21:18  Refinery  
  125  21:19  Refinery  
  125  21:25  Siege Tank  
  128  21:28  Marine  
  128  21:29  Marauder, Marine x5  
  133  21:51  Marauder  
  135  21:57  Siege Tank  
  138  22:12  Marauder  
  132  22:29  Siege Tank  
  126  22:37  Marine x4  
  126  22:38  Marauder, Marine  
  126  22:41  Marine  
  126  22:42  Medivac x2  
  138  22:55  Marine x3  
  141  22:59  Marauder  
  141  23:01  Siege Tank  
  146  23:09  Marine x3  
  149  23:22  Supply Depot  
  149  23:23  Medivac, Viking  
  149  23:24  Marauder  
  155  23:53  Viking x2  
  159  23:57  Siege Tank  
  159  23:58  Factory Tech Lab  
  160  24:21  Marine x4  
  160  24:23  Viking x2  
  165  24:53  Viking x2  
  151  25:25  Command Center  
  151  25:35  Siege Tank x2  
  157  25:47  Command Center  
  157  25:54  Liberator x2  
  142  26:15  Marine x3  
  142  26:16  Marine x4  
  153  26:33  Marine x3  
  153  26:34  Marine  
  153  26:37  Liberator x2  
  157  26:43  Siege Tank  
  157  26:44  Siege Tank  
  165  27:53  Marine x6  
  165  27:54  Marauder  
Show
View Real Time Build Order
Export as new Build Order

ILIEKEGGPIE Protoss 

Build Orders:  

Get SALT Encoding   

  12  0:01  Probe  
  13  0:13  Probe  
  14  0:18  Pylon  
  14  0:25  Probe  
  15  0:37  Probe  
  16  0:43  Gateway  
  16  0:49  Probe  
  17  0:52  Assimilator  
  17  1:01  Probe (Chrono Boost)  
  18  1:06  Gateway  
  18  1:23  Pylon  
  18  1:26  Probe (Chrono Boost)  
  18  1:50  Cybernetics Core  
  18  1:57  Probe  
  19  2:02  Assimilator  
  19  2:09  Probe  
  20  2:24  Probe (Chrono Boost)  
  20  2:26  Warp Gate  
  20  2:27  Nexus  
  21  2:33  Probe (Chrono Boost)  
  21  2:36  Stalker  
  24  2:38  Probe (Chrono Boost)  
  25  2:54  Robotics Facility  
  22  3:22  Stalker  
  25  3:48  Probe (Chrono Boost)  
  25  3:54  Probe (Chrono Boost)  
  20  4:26  Pylon x2  
  10  5:23  Stalker x2  
  14  5:59  Nexus  
  14  6:00  Probe (Chrono Boost)  
  15  6:10  Probe (Chrono Boost)  
  16  6:26  Probe (Chrono Boost)  
  17  6:35  Probe (Chrono Boost)  
  18  6:40  Probe (Chrono Boost)  
  18  6:41  Assimilator  
  18  6:45  Assimilator  
  19  6:49  Sentry  
  19  6:50  Zealot  
  23  7:06  Probe (Chrono Boost)  
  26  7:15  Probe (Chrono Boost)  
  26  7:16  Probe (Chrono Boost)  
  27  7:23  Probe (Chrono Boost)  
  27  7:29  Probe (Chrono Boost)  
  28  7:31  Probe (Chrono Boost)  
  29  7:40  Probe (Chrono Boost)  
  29  7:43  Probe (Chrono Boost)  
  31  7:45  Probe (Chrono Boost)  
  32  7:56  Probe (Chrono Boost)  
  32  7:58  Probe (Chrono Boost)  
  34  8:01  Probe (Chrono Boost)  
  34  8:04  Probe  
  36  8:06  Robotics Bay  
  36  8:12  Probe (Chrono Boost)  
  37  8:16  Probe (Chrono Boost)  
  40  8:27  Probe (Chrono Boost)  
  40  8:28  Probe (Chrono Boost)  
  40  8:32  Probe (Chrono Boost)  
  41  8:35  Probe  
  42  8:42  Probe  
  42  8:47  Probe  
  44  8:54  Probe  
  51  8:59  Probe  
  48  9:06  Probe  
  46  9:11  Probe  
  41  9:18  Probe  
  42  9:30  Stalker x2  
  33  10:10  Stalker x2  
  37  10:34  Probe x2 (Chrono Boost)  
  39  10:41  Robotics Facility  
  39  10:42  Robotics Facility  
  41  10:43  Probe x2 (Chrono Boost)  
  41  10:45  Pylon  
  41  10:48  Probe (Chrono Boost)  
  41  10:52  Gateway  
  41  10:55  Pylon  
  42  10:57  Gateway  
  42  10:58  Gateway  
  42  11:04  Shield Battery  
  42  11:06  Shield Battery  
  42  11:13  Probe (Chrono Boost)  
  43  11:23  Probe (Chrono Boost)  
  44  11:28  Probe (Chrono Boost)  
  45  11:39  Probe  
  44  11:44  Robotics Bay  
  44  11:51  Probe  
  39  11:56  Immortal (Chrono Boost)  
  43  12:03  Stalker x2  
  43  12:04  Stalker  
  45  12:22  Stalker, Sentry  
  49  12:31  Extended Thermal Lance (Chrono Boost)  
  49  12:32  Colossus (Chrono Boost)  
  61  12:42  Colossus (Chrono Boost)  
  61  13:01  Sentry x2  
  61  13:02  Stalker x2  
  69  13:09  Probe  
  70  13:18  Pylon  
  70  13:19  Pylon  
  70  13:36  Probe x2  
  76  13:47  Pylon  
  61  14:33  Pylon  
  61  14:35  Pylon  
  61  14:38  Robotics Facility  
  61  14:40  Stalker  
  61  14:41  Stalker x3  
  69  14:54  Nexus  
  69  14:59  Robotics Facility  
  69  15:06  Stalker x3  
  75  15:09  Sentry  
  77  15:15  Probe  
  78  15:36  Probe (Chrono Boost)  
  79  15:46  Probe (Chrono Boost)  
  80  15:51  Probe (Chrono Boost)  
  76  16:16  Probe (Chrono Boost)  
  77  16:20  Immortal  
  77  16:21  Immortal  
  86  16:26  Probe (Chrono Boost)  
  86  16:31  Probe (Chrono Boost)  
  86  17:04  Immortal (Chrono Boost), Probe  
  95  17:11  Stalker  
  95  17:12  Stalker  
  95  17:14  Immortal (Chrono Boost)  
  99  17:16  Probe  
  100  17:28  Probe  
  43  17:45  Stalker x4  
  43  17:46  Sentry  
  51  18:09  Stalker x2  
  49  18:27  Immortal (Chrono Boost)  
  49  18:36  Immortal (Chrono Boost)  
  49  18:38  Probe  
  50  18:50  Probe  
  51  19:12  Immortal  
  55  19:20  Stalker  
  55  19:21  Stalker  
  55  19:23  Sentry x3  
  65  19:26  Nexus  
  65  19:27  Pylon  
  65  19:29  Pylon  
  65  19:38  Assimilator x2  
  65  20:13  Probe (Chrono Boost)  
  66  20:16  Colossus (Chrono Boost), Probe (Chrono Boost)  
  79  20:26  Colossus (Chrono Boost), Probe (Chrono Boost)  
  79  20:27  Probe (Chrono Boost)  
  81  20:31  Probe (Chrono Boost)  
  81  20:35  Probe  
  59  20:43  Probe  
  59  20:47  Probe  
  59  20:49  Stalker x4  
  65  20:50  Stalker  
  67  21:10  Probe (Chrono Boost)  
  70  21:15  Probe (Chrono Boost)  
  70  21:16  Probe (Chrono Boost)  
  70  21:23  Probe (Chrono Boost)  
  70  21:24  Zealot x2  
  70  21:25  Zealot, Sentry x2, Twilight Council  
  63  22:05  Stalker x2  
  63  22:06  Stalker  
  63  22:20  Stalker x3  
  63  22:21  Stalker  
  71  22:24  Probe (Chrono Boost)  
  73  22:30  Probe (Chrono Boost)  
  73  22:33  Probe (Chrono Boost)  
  75  22:37  Probe (Chrono Boost)  
  75  22:43  Probe  
  76  22:48  Probe  
  77  22:55  Probe  
  78  23:01  Immortal x2  
  86  23:31  Nexus  
  86  24:13  Sentry x5  
  86  24:14  Colossus  
  92  25:02  Probe (Chrono Boost)  
  92  25:04  Colossus  
  100  25:07  Colossus  
  100  25:08  Probe (Chrono Boost)  
  100  25:16  Probe (Chrono Boost)  
  100  25:18  Charge (Chrono Boost)  
  101  25:24  Templar Archives  
  92  26:12  Stalker  
  92  26:13  Stalker x2  
  92  26:14  Stalker x2  
  102  26:43  Forge  
  102  26:45  Forge  
Show
View Real Time Build Order
Export as new Build Order

BizMac Zerg 

Build Orders: Pool First 

Get SALT Encoding   

  12  0:01  Drone  
  13  0:08  Drone  
  14  0:17  Overlord  
  14  0:35  Drone x2  
  14  0:36  Drone  
  17  0:47  Extractor  
  17  0:48  Spawning Pool  
  15  0:55  Drone  
  16  0:58  Drone  
  17  1:08  Drone  
  18  1:20  Drone  
  19  1:28  Hatchery  
  18  1:36  Queen  
  20  1:44  Overlord  
  20  1:56  Metabolic Boost  
  20  1:58  Zergling x4  
  22  2:17  Drone  
  22  2:18  Drone  
  24  2:36  Extractor  
  23  2:37  Drone x2  
  23  2:40  Queen  
  23  2:42  Queen  
  29  2:45  Drone  
  29  2:46  Overlord  
  30  2:54  Drone x2  
  30  2:56  Drone  
  33  2:59  Drone  
  34  3:06  Zergling x2  
  34  3:07  Zergling x2  
  35  3:46  Zergling x2  
  35  3:47  Zergling x10  
  41  3:53  Drone x2  
  43  3:56  Overlord x2  
  42  4:05  Zergling x4  
  40  4:26  Zergling x8  
  40  4:27  Zergling x8  
  38  5:15  Zergling x2  
  38  5:16  Zergling x14  
  38  5:17  Zergling x8  
  50  5:44  Lair, Roach Warren  
  50  5:45  Drone x2  
  51  6:02  Drone  
  51  6:03  Drone  
  53  6:09  Extractor  
  53  6:10  Extractor  
  49  6:26  Hatchery  
  48  6:34  Drone  
  48  6:35  Drone x6  
  48  6:36  Drone x2  
  57  6:49  Drone  
  57  6:50  Drone x2  
  57  6:51  Glial Reconstitution  
  60  7:05  Spore Crawler  
  60  7:06  Drone  
  60  7:07  Overlord x3  
  60  7:25  Hydralisk Den  
  60  7:29  Evolution Chamber  
  58  7:30  Evolution Chamber  
  57  7:37  Drone x2  
  59  7:49  Drone x8  
  59  7:50  Drone x4  
  71  8:02  Queen  
  73  8:08  Zerg Ground Armor Level 1, Zerg Missile Weapons Level 1  
  73  8:12  Grooved Spines  
  73  8:16  Extractor  
  73  8:17  Drone x2, Extractor  
  73  8:20  Overlord x3  
  73  8:29  Spore Crawler  
  72  8:37  Spore Crawler  
  71  8:43  Drone x2  
  73  8:57  Drone x3  
  73  9:02  Roach x8  
  92  9:23  Muscular Augments  
  78  9:29  Hydralisk  
  78  9:30  Hydralisk x7  
  78  9:31  Hydralisk x3  
  100  9:45  Spore Crawler  
  99  10:23  Overlord x4  
  99  10:24  Roach  
  99  10:25  Roach x6  
  113  10:29  Drone  
  114  10:36  Overlord x5  
  114  10:39  Zerg Ground Armor Level 2, Zerg Missile Weapons Level 2  
  114  10:52  Zergling x2  
  114  10:53  Zergling x10  
  120  11:05  Drone x3  
  120  11:06  Drone x3  
  120  11:10  Hydralisk x3  
  114  11:48  Hydralisk  
  114  11:49  Hydralisk x10  
  96  12:10  Spore Crawler  
  96  12:12  Roach  
  96  12:13  Roach x5  
  107  12:24  Roach x3  
  105  12:40  Drone x3  
  105  12:41  Drone  
  109  12:45  Hatchery  
  108  12:56  Hydralisk  
  108  12:57  Hydralisk x2  
  108  12:58  Roach x3, Hydralisk  
  122  13:10  Infestation Pit  
  121  13:16  Roach x3  
  121  13:17  Roach x6  
  139  13:37  Spine Crawler  
  139  13:40  Spine Crawler  
  137  13:42  Spine Crawler  
  137  13:44  Roach  
  137  13:45  Roach x9, Hydralisk x2  
  160  14:46  Hydralisk  
  160  14:47  Hydralisk x6  
  160  14:48  Roach x3  
  160  14:49  Roach x5  
  190  14:55  Drone  
  190  14:57  Overlord  
  191  15:31  Queen  
  191  15:33  Extractor  
  191  15:34  Extractor  
  160  16:58  Roach, Hydralisk  
  160  16:59  Roach x5, Hydralisk x10  
  167  17:41  Hydralisk  
  167  17:42  Hydralisk x4  
  167  17:43  Roach x5  
  167  17:44  Roach x2  
  125  17:59  Roach x4, Hydralisk  
  125  18:05  Overseer  
  133  18:06  Queen, Overseer  
  103  18:35  Hydralisk  
  103  18:36  Hydralisk x5  
  103  18:37  Roach x9  
  103  18:38  Roach x3  
  129  19:10  Hydralisk  
  129  19:11  Hydralisk x4  
  129  19:12  Roach x4  
  147  19:32  Hive  
  147  19:46  Hydralisk  
  147  19:47  Hydralisk x10  
  169  20:13  Roach  
  185  20:14  Roach x7  
  107  21:03  Roach x6, Hydralisk x3  
  113  21:46  Hatchery  
  112  21:52  Hatchery  
  111  22:04  Roach x9, Hydralisk x4  
  111  22:05  Roach x2, Hydralisk x2  
  129  22:24  Hydralisk x3  
  95  23:03  Roach, Hydralisk  
  95  23:04  Roach x3  
  105  23:09  Extractor  
  105  23:12  Extractor  
  103  23:46  Queen  
  101  24:27  Hydralisk  
  101  24:28  Hydralisk x16  
  135  24:39  Spire  
  124  25:07  Hydralisk  
  125  25:50  Hydralisk  
  125  25:51  Corruptor  
  125  25:52  Corruptor x4  
  135  26:31  Corruptor x2  
  135  26:32  Corruptor x3  
  137  27:18  Hydralisk Den  
  130  27:47  Hatchery  
Tags
 
Add a new tag
Caveats
  • Supply blocks, unpowered buildings, or Contaminate may cause inaccurate times.
  • Supply counts are checked every 10 seconds.